 Dungeon Crawl Stone Soup version 0.30.1 (webtiles) character file.

Game seed: 7348822356527463711

275 AgateBread the Covered (level 6, -1/50 HPs)
             Began as a Minotaur Hunter on July 3, 2023.
             Slain by a bullfrog (5 damage)
             ... in a sewer.
             The game lasted 00:11:16 (2466 turns).

AgateBread the Covered (Minotaur Hunter)            Turns: 2466, Time: 00:11:17

Health: -1/50      AC:  4    Str: 15    XL:     6   Next: 3%
Magic:  5/5        EV: 12    Int:  6    God:
Gold:   103        SH:  0    Dex: 16    Spells: 5/5 levels left

rFire   . . .        i - +0 falchion
rCold   . . .        (no shield)
rNeg    . . .        c - +1 leather armour
rPois   .            (helmet restricted)
rElec   .            (no cloak)
rCorr   .            (no gloves)
SInv    .            (no boots)
Will    .....        (no amulet)
Stlth   +            (no ring)
HPRegen 0.28/turn    (no ring)
MPRegen 0.09/turn

%: no passive effects
@: lethally poisoned (-1 -> -3), attractive
A: horns 2, retaliatory headbutt
a: no special abilities


You were in a sewer.
You visited 1 branch of the dungeon, and saw 3 of its levels.
You also visited: Sewer.

You collected 131 gold pieces.
You spent 28 gold pieces at shops.

Inventory:

Hand Weapons
 a - a +0 shortbow
 i - a +0 falchion (weapon)
Armour
 c - a +1 leather armour (worn)
 g - a +0 ring mail
 v - a +0 chain mail
Scrolls
 b - a scroll of immolation
 d - 2 scrolls of enchant weapon {unknown}
 f - a scroll of noise
 l - a scroll of magic mapping {unknown}
 n - a scroll of torment {unknown}
 t - a scroll of blinking {unknown}
 u - a scroll of fog {unknown}
 w - a scroll of teleportation {unknown}
 y - a scroll of enchant armour
Potions
 e - a potion of heal wounds
 h - 2 potions of degeneration {unknown}
 j - 2 potions of invisibility {unknown}
 k - 2 potions of magic {unknown}
 m - 2 potions of brilliance
 o - 2 potions of attraction
 p - 2 potions of berserk rage {unknown}
 q - 2 potions of resistance {unknown}
 r - a potion of curing {unknown}
 s - 2 potions of flight {unknown}
 x - a potion of might {unknown}


   Skills:
 - Level 2.4 Fighting
 - Level 4.3 Ranged Weapons
 + Level 7.2 Armour
 - Level 2.1 Dodging
 - Level 0.7 Stealth


You had 5 spell levels left.
You didn't know any spells.
Your spell library contained the following spells:

 Spells                   Type           Power      Damage    Failure   Level
 Necrotise                Necr           0%         1d4       52%         1
 Shock                    Conj/Air       0%         1d3       52%         1
 Swiftness                Air            0%         N/A       87%         3
 Vampiric Draining        Necr           0%         2d6       87%         3
 Volatile Blastmotes      Fire/Tloc      0%         2d10      87%         3
 Airstrike                Air            0%         2d(0-16)  99%         4
 Fulminant Prism          Conj/Hex       0%         3d5       99%         4
 Iskenderun's Mystic Bla  Conj/Tloc      0%         2d3       99%         4
 Agony                    Necr           0%         N/A       100%        5
 Lee's Rapid Deconstruct  Erth           0%         3d4*      100%        5


Dungeon Overview and Level Annotations

Branches:
Dungeon (3/15)              Sewer (1/1)

Altars:

Shops:
D:1 *


Innate Abilities, Weirdness & Mutations

You have a pair of horns on your head.
You reflexively headbutt those who attack you in melee.


Message History

You feel very sick. The adder closely misses you.
The bullfrog barely misses you.
The frilled lizard unfolds its giant frill.
The frilled lizard bites you. The frilled lizard barely misses you.
The bullfrog closely misses you. You furiously retaliate!
You headbutt the bullfrog! You hit the adder.
You kill the adder!
You feel very sick. The bullfrog misses you. The bullfrog hits you.
The frilled lizard closely misses you. You furiously retaliate!
You headbutt the frilled lizard!
You kill the frilled lizard!
The frilled lizard closely misses you. You furiously retaliate!
You headbutt the frilled lizard.
You kill the frilled lizard!
The bullfrog hits you.
You have reached level 6!
You completely miss the bullfrog. Your headbutt misses the bullfrog.
You feel very sick. The bullfrog hits you!
The bullfrog hits you but does no damage.
The bullfrog hits you.
* * * LOW HITPOINT WARNING * * *
The endoplasm barely misses you. You furiously retaliate!
You headbutt the endoplasm. The bullfrog hits you.
* * * LOW HITPOINT WARNING * * *
You feel much better.
You feel sick. The bullfrog hits you. x2
The endoplasm closely misses you. The bullfrog hits you.
The bullfrog attacks as you move away! The bullfrog misses you.
You feel sick. The bullfrog hits you!
* * * LOW HITPOINT WARNING * * *
The bullfrog barely misses you.
As you read the scroll labelled EGGICLIGIA, it crumbles to dust.
It is a scroll of enchant armour.
Your +0 leather armour glows green for a moment.
You feel sick. The bullfrog hits you.
* * * LOW HITPOINT WARNING * * *
The bullfrog closely misses you. The bullfrog hits you.
You die...

#.~..~##
#..~.~
#≈~~#≈~#
#~~≈≈≈
#≈≈≈~≈~#
#~~≈≈≈
#≈≈≈~≈≈#
#≈~~≈≈
#≈~~~≈≈#
#~~~≈~
#≈≈J~~≈#
#≈~~~~
#lJ#~≈≈#
#≈≈~≈~
#FF≈≈≈≈#
#≈≈≈~~
#~@~≈≈≈#
##.~..
#≈~≈~≈≈#
#≈~...
#~≈~≈≈≈#
##~..~
#≈~~~~≈#
#~~≈~≈
#≈~~~≈≈#
#~~~≈≈
#≈~≈~~≈#
#≈~~~~
#≈≈≈~~≈#
#≈≈≈†≈
#~~~~~~#####
#~~≈~~
#......##..#
#.~~..


You could see 2 bullfrogs, 2 endoplasms and a frilled lizard.

Vanquished Creatures
  Terence (D:3)
  Natasha (D:3)
  4 gnolls (D:2)
  3 adders (Sewer)
  9 river rats (Sewer)
  A worm (D:3)
  8 bats
  3 endoplasms
  A giant cockroach (D:1)
  2 goblins
  3 hobgoblins
  4 kobolds
  A quokka (D:1)
  12 ball pythons
  6 frilled lizards
  33 rats
92 creatures vanquished.

Notes
Turn   | Place    | Note
-------+----------+-------------------------------------------
     0 | D:1      | AgateBread the Minotaur Hunter began the quest for the Orb.
     0 | D:1      | Reached XP level 1. HP: 18/18 MP: 0/0
    55 | D:1      | Reached skill level 1 in Armour
   129 | D:1      | Found Iral's General Store.
   273 | D:1      | Reached skill level 2 in Armour
   303 | D:1      | Reached XP level 2. HP: 25/25 MP: 1/1
   572 | D:1      | Bought a scroll of identify for 28 gold pieces
   788 | D:1      | Found a faded altar of an unknown god.
   907 | D:2      | Reached skill level 3 in Armour
   907 | D:2      | Reached XP level 3. HP: 30/30 MP: 2/2
   914 | D:2      | Reached skill level 4 in Armour
  1760 | D:3      | Noticed Terence
  1762 | D:3      | Reached XP level 4. HP: 37/37 MP: 3/3
  1772 | D:3      | Killed Terence
  1786 | D:3      | Reached skill level 5 in Armour
  1881 | D:3      | Noticed Natasha
  1888 | D:3      | Killed Natasha
  1930 | D:3      | Found a glowing drain.
  1953 | Sewer    | Entered a sewer
  1983 | Sewer    | Reached XP level 5. HP: 37/42 MP: 4/4
  2073 | Sewer    | Reached skill level 6 in Armour
  2298 | Sewer    | Reached skill level 7 in Armour
  2463 | Sewer    | Reached XP level 6. HP: 27/50 MP: 5/5
  2466 | Sewer    | Slain by a bullfrog

Illustrated notes

Levels and vault maps discovered:
D:1:      ebering_trefoil_twist, layout_loops_ring, serial_shops,
          nicolae_shop_peninsula, shapermc_ecumenical_altar_pompeii
D:2:      layout_basic, serial_curves, eino_curves_03, eino_curves_03
D:3:      layout_basic, cheibrodos_sewer_entry_sluice, chequers_mini_garden,
          kennysheep_generic_room_11, uniq_natasha, uniq_terence
Sewer:    sewer_minmay_w

Skill      XL: |  1  2  3  4  5 |
---------------+----------------+-----
Armour         | 2 3 4 5 7 |  7.2
Fighting       | |  2.4
Ranged Weapons | |  4.3
Dodging        | |  2.1
Stealth        | |  0.7

Action                     |  1- 3 |  4- 6 || total
---------------------------+-------+-------++-------
  Melee: Falchion          |       |    20 ||    20
         Headbutt          |       |     4 ||     4
   Fire: Shortbow          |    84 |   134 ||   218
    Use: Scroll            |     2 |     1 ||     3
         Potion            |       |     4 ||     4
 Armour: Leather armour    |     6 |    25 ||    31
  Dodge: Dodged            |    26 |    94 ||   120
